 Dungeon Crawl Stone Soup version 0.30-a0-1163-gf69bf04e7a (webtiles) character file.

Game seed: 9428207765809343058

14 qeuew the Trooper (level 2, 14/24 HPs)
             Began as a Demonspawn Monk on Apr 28, 2023.
             Quit the game on level 1 of the Dungeon.
             The game lasted 00:00:29 (309 turns).

qeuew the Trooper (Demonspawn Monk)                  Turns: 309, Time: 00:00:30

Health: 14/24      AC:  2    Str: 11    XL:     2   Next: 27%
Magic:  2/2        EV: 13    Int: 11    God:
Gold:   10         SH:  0    Dex: 15    Spells: 1/1 levels left

rFire   . . .        a - +0 mace
rCold   . . .        d - orb {light}
rNeg    . . .        b - +0 robe
rPois   .            (helmet restricted)
rElec   .            (no cloak)
rCorr   .            (no gloves)
SInv    .            (no boots)
Will    .....        (no amulet)
Stlth   +            (no ring)
HPRegen 0.24/turn    (no ring)
MPRegen 0.08/turn

%: no passive effects
@: glowing
A: antennae 1
a: no special abilities


You were on level 1 of the Dungeon.
You visited 1 branch of the dungeon, and saw 1 of its levels.

You collected 10 gold pieces.

Inventory:

Hand Weapons
 a - a +0 mace (weapon)
Armour
 b - a +0 robe (worn)
 d - an orb of light (worn)
Potions
 c - a potion of ambrosia
 e - a potion of curing {unknown}


   Skills:
 + Level 3.1 Fighting
 * Level 3.0 Maces & Flails
 + Level 0.5 Armour
 + Level 2.8 Dodging


You had one spell level left.
You didn't know any spells.
Your spell library was empty.

Dungeon Overview and Level Annotations

Branches:
Dungeon (1/15)

Altars:


Innate Abilities, Weirdness & Mutations

You have a pair of small antennae on your head.


Message History

No target in view!
No target in view!
No target in view!
No target in view!
No target in view!
Items here: )) †††.
Found 3 stones.
You sense a monster nearby.
Found a dagger.
Found a stone staircase leading down.
No target in view!
A jackal comes into view.
A jackal is nearby!
A jackal is nearby!
A jackal comes into view.
The jackal barks!
The jackal closely misses you.
You hit the jackal.
The jackal is almost dead.
A jackal comes into view.
The jackal barely misses you.
You barely miss the jackal.
The jackal barks!
The jackal barely misses you.
A dart slug comes into view.
You hit the jackal.
You kill the jackal!
The jackal bites you. x2
You hit the jackal but do no damage. The jackal bites you.
The jackal misses you.
You hit the jackal but do no damage. The jackal misses you.
The jackal closely misses you. The jackal bites you.
You barely miss the jackal. The jackal misses you. The jackal bites you.
The jackal barely misses you. The jackal bites you.
You sock the jackal!
You kill the jackal!
The jackal bites you.
The jackal bites you but does no damage.
There are monsters nearby!
There are monsters nearby!
Are you sure you want to abandon this character and quit the game? (Confirm with "yes".)

#.. ##..##..## #.#
##..).....# #.# #..........
#.# ..........# #.# .
####........##. #.#
#.#####..#...>....##.#####.#
#.....#.....†......#........
...........@†.w............#
#####.#.##..h.....#........#
#...###..##..####......#
##.....[...#...........#
########....#####.####.....##
#...........................#
#.#########.#####)##...#.##.#
#.#### #..## #....#.#.##.#
#....# ##..# #..... #.##.#


You could see a dart slug and a jackal.

Vanquished Creatures
  An endoplasm (D:1)
  A hobgoblin (D:1)
  2 jackals (D:1)
  A quokka (D:1)
  A ball python (D:1)
  2 bats (D:1)
  A frilled lizard (D:1)
  3 goblins (D:1)
  A rat (D:1)
13 creatures vanquished.

Notes
Turn   | Place    | Note
-------+----------+-------------------------------------------
     0 | D:1      | qeuew the Demonspawn Monk began the quest for the Orb.
     0 | D:1      | Reached XP level 1. HP: 18/18 MP: 1/1
    21 | D:1      | Found a faded altar of an unknown god.
   208 | D:1      | Discovered your monstrous ancestry.
   208 | D:1      | Gained mutation: You have a pair of small antennae on your
                  | head. [demonic ancestry]
   208 | D:1      | Reached XP level 2. HP: 10/24 MP: 2/2
   309 | D:1      | Quit the game

Illustrated notes

Levels and vault maps discovered:
D:1:      amcnicky_arrival_blooded_trapdoor, layout_basic,
          hellmonk_ecumenical_altar_prayer_group, st_stairs_5,
          amcnicky_mini_pool_small

Skill      XL: |  1  2 |
---------------+-------+-----
Maces & Flails | 3 |  3.0
Fighting       | |  3.1
Armour         | |  0.5
Dodging        | |  2.8

Action                     || total
---------------------------++-------
  Melee: Mace              ||    40
 Armour: Robe              ||    12
  Dodge: Dodged            ||    39

Table legend: (Time is in decaauts)
 A = Elapsed time spent in this place.
 B = Non-inter-level travel time spent in this place.
 C = Inter-level travel time spent in this place.
 D = Time resting spent in this place.
 E = Time spent auto-exploring this place.
 F = Levels seen in this place.
 G = Mean time per level.
                   A        B        C        D        E       F      G
               +--------+--------+--------+--------+--------+-----+--------+
         Total |    319 |    319 |      0 |      0 |    232 |   1 |  319.0 |
       Dungeon |    319 |    319 |      0 |      0 |    232 |   1 |  319.0 |
               +--------+--------+--------+--------+--------+-----+--------+

Top non-repeatable levels by time:
     D:1: 319 daAuts
